 Dungeon Crawl Stone Soup version 0.29.1-15-g9cfb28693d (webtiles) character file.

Game seed: 18400535516359298803

128 croobank the Firebug (level 4, -3/31 HPs)
             Began as a Demonspawn Fire Elementalist on Apr 17, 2023.
             Slain by a kobold brigand
             ... wielding a +0 dagger
              (5 damage)
             ... in a sewer.
             The game lasted 00:08:51 (2483 turns).

croobank the Firebug (Demonspawn Fire Elementalist) Turns: 2483, Time: 00:08:51

Health: -3/31      AC:  3    Str: 11 (14) XL:     4   Next: 87%
Magic:  0/8        EV: 16    Int: 15 (18) God:
Gold:   140        SH:  0    Dex: 13 (14) Spells: 1/8 levels left

rFire   . . .      SeeInvis .   n - +0 mace
rCold   . . .      Faith    .   (no shield)
rNeg    . . .      Spirit   .   h - +0 robe
rPois   .          Reflect  .   m - +0 helmet
rElec   .          Harm     .   (no cloak)
rCorr   .          Rampage  .   (no gloves)
Will    .....                   (no boots)
Stlth   ++........              o - amulet of magic regeneration
HPRegen 0.10/turn               i - +6 ring of strength
MPRegen 0.51/turn               l - +4 ring of evasion

@: lethally poisoned (-3 -> -5), very slightly contaminated, slowed, very slow
A: claws 2
a: no special abilities


You were in a sewer.
You visited 1 branch of the dungeon, and saw 3 of its levels.
You also visited: Sewer.

You collected 140 gold pieces.

Inventory:

Hand Weapons
 a - a +0 dagger
 b - a +0 sling
 n - a +0 mace (weapon)
Missiles
 g - 11 poisoned darts
Armour
 c - a +0 leather armour
 h - a +0 robe (worn)
 m - a +0 helmet (worn)
Jewellery
 i - a +6 ring of strength (left claw)
 l - a +4 ring of evasion (right claw)
 o - an amulet of magic regeneration (around neck)
Wands
 q - a wand of flame (4)
 u - a wand of polymorph (11)
Scrolls
 d - a scroll of identify {unknown}
 j - a scroll of enchant armour {unknown}
 p - a scroll of noise {unknown}
 v - a scroll of brand weapon {unknown}
 w - a scroll of teleportation
Potions
 e - 4 potions of magic
 r - a potion of flight {unknown}
 s - a potion of attraction {unknown}
 t - a potion of curing {unknown}
 x - a potion of experience {unknown}


   Skills:
 * Level 0.6 Fighting
 + Level 2.6 Dodging
 + Level 2.6 Stealth
 + Level 2.7 Spellcasting
 + Level 2.1 Conjurations
 + Level 3.2 Fire Magic


You had one spell level left.
You knew the following spells:

 Your Spells              Type           Power      Damage    Failure   Level
a - Foxfire               Conj/Fire      40%        2x1d6     7%          1
b - Scorch                Fire           22%        2d6       9%          2
c - Flame Wave            Conj/Fire      10%        2d6       56%         4

Your spell library contained the following spells:

 Spells                   Type           Power      Damage    Failure   Level
 Conjure Flame            Conj/Fire      10%        6-21      21%         3
 Inner Flame              Hex/Fire       6%         N/A       32%         3
 Call Canine Familiar     Summ           2%         N/A       52%         3
 Portal Projectile        Hex/Tloc       4%         N/A       52%         3
 Leda's Liquefaction      Hex/Erth       1%         N/A       90%         4


Dungeon Overview and Level Annotations

Branches:
Dungeon (3/15)              Sewer (1/1)

Altars:


Innate Abilities, Weirdness & Mutations

You have very sharp fingernails.


Message History

* * * LOW HITPOINT WARNING * * *
The kobold brigand barely misses you.
It was a potion of heal wounds.
You feel much better.
You feel sick.
The kobold brigand hits you with a +0 dagger. x2
The kobold closely misses you. The kobold brigand barely misses you.
The kobold brigand completely misses you.
The kobold misses you.
Casting: Scorch (safe; 9% risk of failure)
Confirm with . or Enter, or press ? or * to list all spells.
Casting: Flame Wave (astonishingly dangerous; 56% risk of failure)
Press: ? - help, Dir - look around, f - activate A wave of flame ripples out!
The flame wave engulfs the kobold brigand.
The kobold brigand is moderately wounded.
The flame wave engulfs the fungus!
The fungus begins to die.
The fungus is lightly damaged.
The flame wave engulfs the kobold!
You kill the kobold!
The flame wave engulfs the kobold brigand.
The kobold brigand is severely wounded. (Press . to intensify the flame waves.)
You feel sick.
The kobold brigand hits you with a +0 dagger. x2
The kobold completely misses you.
A wave of flame ripples out!
The flame wave engulfs the kobold brigand.
The kobold brigand is moderately wounded.
The flame wave engulfs the fungus.
The fungus is lightly damaged.
The flame wave engulfs the kobold!
You kill the kobold!
The flame wave engulfs the kobold brigand.
The kobold brigand is almost dead.
You feel sick.
The kobold brigand hits you with a +0 dagger.
* * * LOW HITPOINT WARNING * * *
The kobold brigand hits you with a +0 dagger.
* * * LOW HITPOINT WARNING * * *
The kobold brigand hits you with a +0 dagger.
You die...

###### #..?.#
#.∩..# #!..!# #..).
##''## #~~.K###
#~~§)@.# #~.§PK.##
#.......# #P....P.#
~~ #~......#
§≈~#~~~....##
~≈~#~~~.....# ..~
#~≈~~~~~.....##
..~~#~≈~#~~.......#


You could see 2 kobold brigands.

Vanquished Creatures
  Jessica (D:2)
  2 adders (D:2)
  A river rat (D:3)
  6 worms
  2 dart slugs
  An orc (D:3)
  6 ball pythons
  3 bats
  6 endoplasms
  A giant cockroach (D:3)
  8 goblins
  A hobgoblin (D:2)
  8 kobolds
  5 frilled lizards
  5 rats
56 creatures vanquished.

Vanquished Creatures (others)
  102 foxfires
102 creatures vanquished.

Grand Total: 158 creatures vanquished

Notes
Turn   | Place    | Note
-------+----------+-------------------------------------------
     0 | D:1      | croobank the Demonspawn Fire Elementalist began the quest
                  | for the Orb.
     0 | D:1      | Reached XP level 1. HP: 13/13 MP: 3/3
     9 | D:1      | Noticed an anaconda
   177 | D:1      | Gained mutation: You have sharp fingernails. [demonic
                  | ancestry]
   177 | D:1      | Reached XP level 2. HP: 19/19 MP: 5/5
   180 | D:1      | Learned a level 2 spell: Scorch
   677 | D:1      | Noticed an elephant
  1241 | D:2      | Noticed Jessica
  1245 | D:2      | Killed Jessica
  1246 | D:2      | Reached skill level 3 in Fire Magic
  1246 | D:2      | Reached XP level 3. HP: 18/24 MP: 3/6
  1455 | D:2      | Gained mutation: You have very sharp fingernails. [demonic
                  | ancestry]
  1455 | D:2      | Reached XP level 4. HP: 18/30 MP: 4/7
  1715 | D:2      | Found a faded altar of an unknown god.
  2081 | D:3      | Learned a level 4 spell: Flame Wave
  2302 | D:3      | Found a glowing drain.
  2359 | Sewer    | Entered a sewer
  2471 | Sewer    | Noticed a kobold brigand
  2471 | Sewer    | Noticed a kobold brigand
  2483 | Sewer    | Slain by a kobold brigand

Illustrated notes

Levels and vault maps discovered:
D:1:      sevenhm_arrival_forest_fort_small_2, layout_basic, dk_noncrumbling_3
D:2:      layout_rooms, basic_ecumenical_altar, uniq_jessica
D:3:      layout_basic, lightli_sewer_entry_pipes, uniq_crazy_yiuf_cottage,
          uniq_terence
Sewer:    kennysheep_pipe_town

Skill      XL: |  1  2  3  4 |
---------------+-------------+-----
Stealth        | 2 |  2.6
Dodging        | 2 |  2.6
Fire Magic     | 3 |  3.2
Conjurations   | 2 |  2.1
Fighting       | |  0.6
Spellcasting   | |  2.7

Action                   |  1- 3 |  4- 6 || total
-------------------------+-------+-------++-------
Melee: Mace              |    12 |     4 ||    16
 Fire: Sling             |    31 |       ||    31
 Cast: Foxfire           |     9 |    47 ||    56
       Scorch            |    11 |    15 ||    26
       Flame Wave        |       |     1 ||     1
  Use: Scroll            |       |     2 ||     2
       Potion            |       |     2 ||     2
 Stab: Distracted        |     1 |       ||     1
       Sleeping          |       |     1 ||     1
Armor: Robe              |     4 |     1 ||     5
Dodge: Dodged            |    10 |    11 ||    21
